 Dungeon Crawl Stone Soup version 0.27.1 (webtiles) character file.

Game seed: 18276966114264505138

35 IBeShadow the Firebug (level 3, 0/28 HPs)
             Began as a Draconian Fire Elementalist on Aug 26, 2021.
             Slain by a quokka (1 damage)
             ... on level 3 of the Dungeon.
             The game lasted 00:08:29 (1468 turns).

IBeShadow the Firebug (Draconian Fire Elementalist) Turns: 1468, Time: 00:08:30

Health: 0/28       AC:  5    Str: 10    XL:     3   Next: 17%
Magic:  0/6        EV: 12    Int: 16    God:
Gold:   12         SH:  0    Dex: 11    Spells: 5/6 levels left

rFire    . . .     SeeInvis .   a - +0 dagger
rCold    . . .     Faith    .   (no shield)
rNeg     . . .     Spirit   .   (armour unavailable)
rPois    .         Reflect  .   (helmet restricted)
rElec    .         Harm     .   (no cloak)
rCorr    .         Rampage  .   (no gloves)
Will     .....                  (no boots)
Stlth    ++........             (no amulet)
HPRegen  0.09/turn              (no ring)
MPRegen  0.10/turn              (no ring)

@: no status effects
A: AC +5, unfitting armour, cold-blooded
a: no special abilities


You were on level 3 of the Dungeon.
You visited 1 branch of the dungeon, and saw 3 of its levels.

You collected 36 gold pieces.
You spent 24 gold pieces at shops.

Inventory:

Hand Weapons
 a - a +0 dagger (weapon)
Missiles
 b - 38 stones
Scrolls
 c - a scroll of identify
 d - a scroll of blinking {unknown}


   Skills:
 + Level 1.1 Fighting
 - Level 1.9 Dodging
 - Level 1.7 Stealth
 + Level 2.2 Spellcasting
 * Level 1.8 Conjurations
 * Level 3.4 Fire Magic


You had 5 spell levels left.
You knew the following spells:

 Your Spells              Type           Power      Damage    Failure   Level
a - Foxfire               Conj/Fire      40%        2x1d6     7%          1

Your spell library contained the following spells:

 Spells                   Type           Power      Damage    Failure   Level
 Conjure Flame            Conj/Fire      10%        6-21      21%         3
 Inner Flame              Hex/Fire       7%         N/A       30%         3
 Sticky Flame             Conj/Fire      10%        2d3       56%         4
 Fireball                 Conj/Fire      5%         3d5       88%         5


Dungeon Overview and Level Annotations

Branches:
Dungeon (3/15)

Altars:

Shops:
D:1 ?   D:2 [

Annotations:
D:2 Sigmund


Innate Abilities, Weirdness & Mutations

Your plain brown scales are hard. (AC +5)
You cannot fit into any form of body armour.
You are cold-blooded and may be slowed by cold attacks.


Message History

You feel sick.
You feel sick.
You feel sick.
You feel sick. The quokka closely misses you.
Casting: Foxfire (safe; 7% risk of failure)
Confirm with . or Enter, or press ? or * to list all spells.
You conjure some foxfire!
You feel sick. The quokka bites you.
* * * LOW HITPOINT WARNING * * *
Your foxfire dissipates!
You feel sick.
You are no longer poisoned.
Unknown command.
The quokka bites you but does no damage.
The quokka barely misses you.
The quokka bites you but does no damage.
The quokka bites you but does no damage.
The quokka completely misses you.
There is a stone staircase leading up, spattered with blood here.
Casting: Foxfire (safe; 7% risk of failure)
Confirm with . or Enter, or press ? or * to list all spells.
You conjure some foxfire!
The quokka closely misses you.
Your foxfire dissipates!
Casting: Foxfire (safe; 7% risk of failure)
Confirm with . or Enter, or press ? or * to list all spells.
You miscast Foxfire.
You are very lightly contaminated with residual magic.
Nothing appears to happen.
The quokka bites you.
* * * LOW HITPOINT WARNING * * *
Unknown command.
The quokka bites you but does no damage.
Casting: Foxfire (safe; 7% risk of failure)
Confirm with . or Enter, or press ? or * to list all spells.
You conjure some foxfire!
The quokka bites you.
* * * LOW HITPOINT WARNING * * *
Your foxfire dissipates!
The quokka bites you.
* * * LOW HITPOINT WARNING * * *
Your magical contamination has completely faded away.
The quokka bites you.
You die...

.# # #### .#.##
.....#########.#...
.....#...........#
.................#
#...........#
+.####......# #.#
#@####.# #.# #r#
#.# #.# #.# #.# #.#
#.# #.# #.# #.# #.#
#.####.######
#.<...........


You could see a quokka.

Vanquished Creatures
  An adder (D:2)
  A worm (D:2)
  2 ball pythons (D:1)
  3 bats
  2 endoplasms (D:1)
  3 giant cockroaches
  A goblin (D:1)
  2 hobgoblins (D:1)
  2 quokkas
  A kobold (D:1)
  2 rats
20 creatures vanquished.

Vanquished Creatures (others)
  67 foxfires
67 creatures vanquished.

Grand Total: 87 creatures vanquished

Notes
Turn   | Place    | Note
-------+----------+-------------------------------------------
     0 | D:1      | IBeShadow the Draconian Fire Elementalist began the quest
                  | for the Orb.
     0 | D:1      | Reached XP level 1. HP: 14/14 MP: 3/3
    36 | D:1      | Found a faded altar of an unknown god.
   174 | D:1      | Reached XP level 2. HP: 22/22 MP: 1/5
   594 | D:1      | Found Hihenn's Magic Scroll Emporium.
   600 | D:1      | Bought a scroll of identify for 24 gold pieces
   721 | D:2      | Found Vigham's Armour Boutique.
  1090 | D:2      | Noticed Sigmund
  1094 | D:2      | Reached skill level 1 in Fighting
  1426 | D:2      | Reached XP level 3. HP: 21/28 MP: 0/6
  1464 | D:3      | HP: 1/28 [quokka (2)]
  1468 | D:3      | Slain by a quokka

Illustrated notes

Levels and vault maps discovered:
D:1:      ebering_trefoil_twist, layout_basic,
          hellmonk_ecumenical_altar_arch_garden, serial_shops, shop_fountains
D:2:      cheibrodos_old_hovel, layout_basic, serial_shops,
          nicolae_shop_temple_entry_statues_fountains, uniq_sigmund
D:3:      layout_basic, minmay_distorted

Skill      XL: |  1  2 |
---------------+-------+-----
Fighting       | 1 |  1.1
Dodging        | |  1.9
Stealth        | |  1.7
Spellcasting   | |  2.2
Conjurations   | |  1.8
Fire Magic     | |  3.4

Action                   || total
-------------------------++-------
Melee: Dagger            ||    25
       Tailslap          ||     2
 Cast: Foxfire           ||    56
 Stab: Sleeping          ||     1
Armor: Skin              ||    17
Dodge: Dodged            ||    49
